 Dungeon Crawl Stone Soup version 0.25.1-8-g42b30a86e7 (webtiles) character file.

Game seed: 17718744451325987330

42 KamiKatze the Skirmisher (level 3, -10/33 HPs)
             Began as a Draconian Berserker on Dec 16, 2020.
             Was a Follower of Trog.
             Mangled by Sigmund
             ... wielding a +2 scythe of venom
              (17 damage)
             ... on level 2 of the Dungeon.
             The game lasted 00:04:58 (1126 turns).

KamiKatze the Skirmisher (Draconian Berserker)      Turns: 1126, Time: 00:04:59

Health: -10/33     AC:  5    Str: 20    XL:     3   Next: 35%
Magic:  3/3        EV: 12    Int:  7    God:    Trog [*.....]
Gold:   3          SH:  0    Dex: 10    Spells: 2/2 levels left

rFire    . . .     SeeInvis .   a - +0 hand axe
rCold    . . .     Gourm    .   (no shield)
rNeg     . . .     Faith    .   (armour unavailable)
rPois    .         Spirit   .   (helmet restricted)
rElec    .         Reflect  .   (no cloak)
rCorr    .         Harm     .   (no gloves)
MR       .....                  (no boots)
Stlth    +.........             (no amulet)
HPRegen  0.11/turn              (no ring)
MPRegen  0.08/turn              (no ring)

@: lethally poisoned (-10 -> -23), berserk cooldown, slowed, very slow
A: unfitting armour, cold-blooded, AC +5
a: Berserk, Renounce Religion


You were on level 2 of the Dungeon.
You worshipped Trog.
Trog was aware of your devotion.
You were hungry.

You visited 1 branch of the dungeon, and saw 2 of its levels.

You collected 3 gold pieces.

Inventory:

Hand Weapons
 a - a +0 hand axe (weapon)
Missiles
 f - 67 stones (quivered)
 j - 2 poisoned darts
Armour
 c - a +0 buckler
Scrolls
 d - a scroll of teleportation {unknown}
 g - a scroll of amnesia {unknown}
 i - a scroll of blinking {unknown}
 l - a scroll of fear {unknown}
 m - a scroll of remove curse {unknown}
 o - a scroll of identify {unknown}
Potions
 e - a potion of ambrosia {unknown}
 h - a potion of curing {unknown}
 n - a potion of might {unknown}
Comestibles
 b - 3 rations
 k - 5 chunks of flesh


   Skills:
 + Level 3.6 Fighting
 * Level 3.6 Axes
 + Level 0.9 Throwing
 + Level 3.0 Dodging
 + Level 0.4 Shields


You had 2 spell levels left.
You didn't know any spells.
Your spell library was empty.

Dungeon Overview and Level Annotations

Branches:
Dungeon (2/15)

Altars:

Annotations:
D:2 Sigmund


Innate Abilities, Weirdness & Mutations

Your plain brown scales are hard. (AC +5)
You cannot fit into any form of body armour.
You are cold-blooded and may be slowed by cold attacks.


Message History

Deactivating autopickup; reactivate with Ctrl-A.
You closely miss something. You tail-slap something! You barely miss something.
Your tail-slap misses something.
Something hits you!
You are poisoned.
You barely miss something.
Your tail-slap misses something.
You feel sick.
You miss something.
You feel sick. Something hits you.
* * * LOW HITPOINT WARNING * * *
You barely miss something. You hit something.
You feel sick. Something hits you.
* * * LOW HITPOINT WARNING * * *
You are lethally poisoned!
You miss something. You miss something.
You are no longer berserk.
You are exhausted.
You feel yourself slow down.
* * * LOW HITPOINT WARNING * * *
You feel sick. Something hits you!
Ouch! That really hurt!
You die...

#...#####.###.###
#.[.# #..# ..#
#..#######+# ###
#..#........
##.#........
#.#........
#.#........
#.#........
#@#†....@..
#){......#
###.......(
#........
#........
#........
#........
#........
#######'#


There were no monsters in sight!

Vanquished Creatures
  A worm (D:2)
  2 dart slugs (D:1)
  3 leopard geckos (D:2)
  6 bats
  A giant cockroach (D:2)
  3 goblins
  5 hobgoblins (D:1)
  A ball python (D:2)
  2 frilled lizards (D:1)
  4 kobolds
  2 rats (D:1)
30 creatures vanquished.

Notes
Turn   | Place    | Note
-------+----------+-------------------------------------------
     0 | D:1      | KamiKatze the Draconian Berserker began the quest for the
                  | Orb.
     0 | D:1      | Reached XP level 1. HP: 19/19 MP: 1/1
   233 | D:1      | Reached XP level 2. HP: 17/26 MP: 2/2
   704 | D:2      | Reached XP level 3. HP: 12/31 MP: 3/3
  1088 | D:2      | Noticed Sigmund
  1126 | D:2      | Mangled by Sigmund

Illustrated notes

Levels and vault maps discovered:
D:1:      grunt_arrival_crossed_arrows, layout_loops_ring
D:2:      layout_basic, kennysheep_generic_room_16, uniq_sigmund

Skill      XL: |  1  2  3 |
---------------+----------+-----
Dodging        | 3 |  3.0
Fighting       | |  3.6
Axes           | |  3.6
Throwing       | |  0.9
Shields        | |  0.4

Action                   || total
-------------------------++-------
Melee: Hand axe          ||    91
       Tailslap          ||     9
Invok: Berserk           ||     2
 Stab: Sleeping          ||     1
  Eat: Chunk             ||     2
Armor: Skin              ||    28
Dodge: Dodged            ||    52
